 Dungeon Crawl Stone Soup version 0.23.1 (webtiles) character file.

Game seed: 2939671324648037906

105 Kniotic the Slasher (level 4, 0/33 HPs)
             Began as a Mummy Gladiator on Mar 12, 2019.
             Slain by a goblin
             ... wielding a +0 club
             ... led by Robin
              (3 damage)
             ... on level 3 of the Dungeon.
             The game lasted 00:04:29 (2498 turns).

Kniotic the Slasher (Mummy Gladiator)               Turns: 2498, Time: 00:04:30

Health: 0/33       AC: 13    Str: 18    XL:     4   Next: 53%
Magic:  4/4        EV:  6    Int:  7    God:
Gold:   104        SH:  0    Dex: 13    Spells: 3/3 levels left

rFire    x . .     SeeInvis .   a - +0 long sword
rCold    + . .     Gourm    .   (no shield)
rNeg     + + +     Faith    .   e - +0 plate armour
rPois    ∞         Spirit   .   c - +0 helmet
rElec    .         Reflect  .   b - +0 cloak
rCorr    .         Harm     .   k - +0 pair of gloves
MR       .....                  (no boots)
Stlth    ..........             (no amulet)
HPRegen  0.11/turn              (no ring)
MPRegen  0.09/turn              (no ring)

@: no status effects
A: no food or potions, fire vulnerability, cold resistance 1, negative energy
resistance 3, torment resistance, unbreathing
a: no special abilities


You were on level 3 of the Dungeon.
You were not hungry.

You visited 1 branch of the dungeon, and saw 3 of its levels.

You collected 104 gold pieces.

Inventory:

Hand Weapons
 a - a +0 long sword (weapon)
Missiles
 d - 3 throwing nets (quivered)
Armour
 b - a +0 cloak (worn)
 c - a +0 helmet (worn)
 e - a +0 plate armour (worn)
 k - a +0 pair of gloves (worn)
Jewellery
 i - a +5 ring of intelligence {unknown}
 l - an uncursed ring of positive energy {unknown}
 m - a +3 amulet of reflection {unknown}
Scrolls
 f - 4 scrolls of identify {unknown}
 g - 3 scrolls of remove curse {unknown}
 h - a scroll of amnesia {unknown}
 j - a scroll of blinking {unknown}
 n - a scroll of magic mapping {unknown}
 o - a scroll of immolation {unknown}
 p - a scroll of enchant weapon {unknown}


   Skills:
 - Level 2.0 Fighting
 + Level 4.4 Long Blades
 - Level 1.5 Throwing
 - Level 2.4 Dodging


You had 3 spell levels left.
You didn't know any spells.
Your spell library was empty.

Dungeon Overview and Level Annotations

Branches:
Dungeon (3/15)

Altars:
Trog

Annotations:
D:3 Robin


Innate Abilities, Weirdness & Mutations

You do not eat or drink.
Your flesh is vulnerable to fire.
You are immune to poison.
Your flesh is cold resistant. (rC+)
You are immune to negative energy. (rN+++)
You are immune to unholy pain and torment.
You can survive without breathing.


Message History

The goblin hits you but does no damage.
The goblin unwields a +0 club.
The goblin wields a +0 hunting sling.
The goblin shoots a stone.
The stone hits you.
* * * LOW HITPOINT WARNING * * *
You see here a stone.
The goblin shoots a stone.
The stone closely misses you. Robin throws the goblin at you!
You hit the goblin.
You kill the goblin!
The goblin hits you but does no damage.
Things that are here:
a +0 hunting sling; a +0 club; 23 stones Robin's horned helmet rattles.
Robin throws the goblin at you!
You miss the goblin. The goblin hits you with a +0 club.
* * * LOW HITPOINT WARNING * * *
You hit the goblin.
The goblin is moderately wounded.
The goblin hits you with a +0 club.
You die...

#########8 ### #.# ..#
#.## .. #..#### ..
#.....#####
##..#########g.........
#.........g@)g.....##
#.#######)##...(...# #.#
#####(##.......#
######.###.....####.#.#.#
....†......##### #.#.#)#
#......##### #.#.#.g
#.###### #....... ..#
#######.# ### ..


You could see Robin, a hobgoblin and a goblin.

Vanquished Creatures
  2 oozes
  3 worms (D:2)
  2 dart slugs
  2 leopard geckos
  4 orcs (D:3)
  2 ball pythons (D:3)
  11 bats
  4 giant cockroaches
  12 goblins
  7 hobgoblins
  4 jackals (D:3)
  8 kobolds
  6 frilled lizards
  9 rats
76 creatures vanquished.

Notes
Turn   | Place    | Note
-------+----------+-------------------------------------------
     0 | D:1      | Kniotic the Mummy Gladiator began the quest for the Orb.
     0 | D:1      | Reached XP level 1. HP: 16/16 MP: 1/1
   323 | D:1      | Reached XP level 2. HP: 22/22 MP: 2/2
   344 | D:1      | Reached skill level 3 in Long Blades
  1246 | D:2      | Reached XP level 3. HP: 24/27 MP: 3/3
  1512 | D:2      | Found a bloodstained altar of Trog.
  2046 | D:3      | Reached skill level 4 in Long Blades
  2083 | D:3      | Reached XP level 4. HP: 28/33 MP: 4/4
  2381 | D:3      | Noticed Robin
  2498 | D:3      | Slain by a goblin

Skill      XL: |  1  2  3 |
---------------+----------+-----
Long Blades    | 3 4 |  4.4
Fighting       | |  2.0
Throwing       | |  1.5
Dodging        | |  2.4

Action                   |  1- 3 |  4- 6 || total
-------------------------+-------+-------++-------
Melee: Long sword        |   159 |    85 ||   244
Armor: Plate armour      |   137 |    78 ||   215
       Leather armour    |     1 |       ||     1
Dodge: Dodged            |    51 |    24 ||    75
       Rpst.: Long sword |    16 |     5 ||    21
